Cogmind - Beta 16 @@@ ROGUE MODE // 2025.12.31 @ 22:11:44 Player: exo Result: Destroyed by Y-45 Defender with Beam Rifle Performance ------------- Evolutions (1) 500 Regions Visited (2) 400 Robots Destroyed (35) 175 Value Destroyed (650) 650 Prototype IDs (0) 0 Alien Tech Used (0) 0 Bonus (0) 0 TOTAL SCORE: 1725 Bonus ------- None Cogmind --------- Core Integrity 0/400 Matter 175/300 Energy 100/100 System Corruption 0% Temperature Cool (9) Movement Core (1450) Ox28 Location -9/Materials Parts ------- > --- POWER (1) -------- (None) > --- PROPULSION (2) --- (None) > --- UTILITY (4) ------ Huge Storage Unit Structural Scanner Terrain Scan Processor Targeting Computer > --- WEAPON (2) ------- Mining Claw Mining Claw > --- INVENTORY (25) --- Seismic Detector Targeting Computer Targeting Computer Light Armor Plating Heavy EM Pulse Gun Heavy EM Pulse Gun Beam Rifle EMP Blaster EMP Blaster EMP Blaster Mini Grenade Launcher Peak State ------------ > --- POWER ------------ Ion Engine > --- PROPULSION ------- Armored Wheel Armored Wheel > --- UTILITY ---------- Huge Storage Unit Terrain Scan Processor Targeting Computer Core Shielding > --- WEAPON ----------- Beam Rifle Beam Rifle > --- INVENTORY -------- Structural Scanner Targeting Computer Targeting Computer Light Armor Plating Heavy EM Pulse Gun Heavy EM Pulse Gun Heavy EM Pulse Gun Heavy EM Pulse Gun EMP Blaster EMP Blaster EMP Blaster EMP Blaster [Rating: 16] Favorites ----------- Power Light Ion Engine Engine Light Ion Engine Propulsion Light Treads Treads Light Treads Wheel Armored Wheel Utility Huge Storage Unit Device Structural Scanner Storage Huge Storage Unit Processor Targeting Computer Protection Core Shielding Weapon Beam Rifle Energy Gun Beam Rifle Launcher Mini Grenade Launcher Slashing Weapon Mining Claw Build | -11 -10 -9 ------- Run | Yrd Mat Mat Slots Evolved 2 | . . 2 Power . | . . . Propulsion . | . . . Utility 2 | . . 2 Weapon . | . . . Parts Attached 32 | 6 12 14 Power 4 | 1 2 1 Engine 4 | 1 2 1 Core . | . . . Reactor . | . . . Propulsion 4 | 2 2 . Treads 2 | 2 . . Leg . | . . . Wheel 2 | . 2 . Hover . | . . . Flight . | . . . Utility 7 | 1 2 4 Device 1 | . . 1 Storage 2 | 1 1 . Processor 2 | . . 2 Hackware . | . . . Protection 2 | . 1 1 Artifact . | . . . Weapon 17 | 2 6 9 Energy Gun 12 | 2 6 4 Energy Cannon . | . . . Ballistic Gun . | . . . Ballistic Cannon . | . . . Launcher 3 | . . 3 Special Weapon . | . . . Impact Weapon . | . . . Slashing Weapon 2 | . . 2 Piercing Weapon . | . . . Special Melee Weapon . | . . . Unidentified Prototypes . | . . . Parts Lost 11 | . 2 9 Power 3 | . 1 2 Propulsion 3 | . 1 2 Utility 1 | . . 1 Weapon 4 | . . 4 Highest Loss Streak 5 | . 1 5 To Critical Strikes . | . . . Average Backups 9 | 4 9 11 Power . | 1 . . Propulsion . | . . . Utility 3 | . 3 4 Weapon 5 | 1 5 6 Tool/Special . | . . . Unused Backups 8 | . 3 5 Power . | . . . Propulsion . | . . . Utility 3 | . . 3 Weapon 5 | . 3 2 Tool/Special . | . . . Average Slot Usage (%) 78 | . 82 73 Engine 8 | . 11 3 Treads 13 | . 23 . Wheel 3 | . . 7 Device 2 | . . 5 Storage 12 | . 14 11 Processor 9 | . . 21 Protection 5 | . 7 3 Energy Gun 16 | . 23 6 Launcher 1 | . . 3 Slashing Weapon 4 | . . 10 Peak Build Rating 16 | 6 11 16 Average Rating 8 | 2 8 10 On Entrance 5 | . 6 9 Avg Prop Armor Cover (%) . | . . . Naked Turns . | . . . Heaviest Build 96 | 12 90 96 Greatest Support 40 | 40 40 24 Greatest Overweight (x) 28 | 1 28 28 Average Overweight (x) 2 | . . 8 Largest Inventory Capacity 25 | 8 25 25 Average Capacity 19 | 7 15 25 Most Carried 18 | 7 18 15 Average Carried 9 | 4 9 11 Final Capacity 25 | 8 25 25 Final Carried 16 | 2 16 11 Class Distribution -------------------- 100% | Mutant Dominant Class ---------------- Mutant | -10/Materials Mutant | -9/Materials Resources | -11 -10 -9 ----------- Run | Yrd Mat Mat Matter Collected 590 | 253 161 176 Remotely . | . . . Salvage Created 981 | . 384 597 Parts 54 | . 22 32 Haulers Intercepted . | . . . Recyclers Shooed . | . . . Parts Field Recycled . | . . . Retrieved Matter . | . . . Parts Self-Destructed . | . . . Prevented . | . . . Parts Restored . | . . . Kills | -11 -10 -9 ------- Run | Yrd Mat Mat Combat Hostiles Destroyed 25 | . 10 15 Guns 15 | . 9 6 AOE 10 | . 1 9 Classes Destroyed 7 | . 5 2 Builder 1 | . 1 . Recycler 3 | . 1 2 Operator 1 | . . 1 Watcher 5 | . 2 3 Swarmer 16 | . 6 10 Grunt 7 | . 4 3 Sentry 2 | . . 2 Best Kill Streak 10 | . 3 10 Combat Bots Only 7 | . 3 7 Max Kills in Single Turn 4 | . 1 4 Gunslinging . | . . . Exploded 4 | . 1 4 Melee . | . . . Uniques/NPCs Destroyed . | . . . Combat | -11 -10 -9 -------- Run | Yrd Mat Mat Hostile Shots Fired 206 | . 62 144 Missed 48 | . 14 34 Hits 158 | . 48 110 Projectile 158 | . 48 110 Critical Strikes 6 | . 2 4 Damage Taken 1872 | . 528 1344 Core 444 | . 44 400 Absorbed by Shields . | . . . Redirected to Shielding 33 | . 3 30 Core Remaining (%) 91 | 100 82 . Volleys Fired 71 | . 32 39 Largest 2 | . 2 2 Hottest 130 | . 130 112 Shots Fired 131 | . 57 74 Gun 111 | . 57 54 Cannon . | . . . Launcher 20 | . . 20 Special . | . . . Kinetic . | . . . Thermal 72 | . 43 29 Explosive 10 | . . 10 Electromagnetic 49 | . 14 35 Robot Hit Streak 9 | . 9 9 Robot Miss Streak 7 | . 3 7 Penetration Max . | . . . Secondary Targets 6 | . 2 4 Max Gunslinging Chain 1 | . 1 1 Shots Hit Robots 71 | . 32 39 Core Hits 42 | . 17 25 Critical Kills . | . . . Critical Parts Destroyed . | . . . Critical Strikes 4 | . 3 1 Burn 4 | . 3 1 Melee Attacks 2 | . . 2 Impact . | . . . Slashing 2 | . . 2 Piercing . | . . . Sneak Attacks . | . . . Combat Hostiles . | . . . Follow-up Attacks . | . . . Damage Inflicted 1699 | . 604 1095 Guns 1009 | . 564 445 Cannons . | . . . Explosions 688 | . 38 650 Melee . | . . . Ramming 2 | . 2 . Kinetic . | . . . Thermal 726 | . 489 237 Explosive 232 | . . 232 Electromagnetic 739 | . 113 626 Impact . | . . . Slashing . | . . . Piercing . | . . . Highest Corruption . | . . . Average Corruption . | . . . Corruption Purged . | . . . Corruption Blocked . | . . . Overload Shots . | . . . Overflow Damage 23 | . . 23 Projectiles . | . . . Explosions 23 | . . 23 Melee . | . . . Knockbacks . | . . . Impact . | . . . Kinetic . | . . . Secondary . | . . . Self-Inflicted Damage 206 | . . 206 Shots 9 | . . 9 Rammed 2 | . 2 . Targets Rammed 2 | . 2 . Kicked . | . . . Crushed . | . . . Highest Temperature 562 | . 562 429 Average Temperature 128 | . 150 107 Received Heat Transfer 540 | . 213 327 Effects 10 | . 7 3 Shutdowns 3 | . 1 2 Energy Bleed 2 | . 1 1 Interference 2 | . 2 . Matter Decay 2 | . 2 . Damage (minor) 1 | . 1 . Siege Activations . | . . . Martial Activations . | . . . Shielding Activations . | . . . Robots Disrupted . | . . . Combat Hostiles . | . . . Robots Corrupted . | . . . Combat Hostiles . | . . . Parts Fried 3 | . . 3 Impact Corruptions . | . . . Robots Melted . | . . . Combat Hostiles . | . . . Parts Melted 4 | . 4 . Heat Transferred 2011 | . 1332 679 Parts Sabotaged . | . . . Parts Stolen . | . . . Parts Stripped . | . . . Power Chain Reactions 2 | . 1 1 Alert | -11 -10 -9 ------- Run | Yrd Mat Mat Maximum Alert Level 1 | . . 1 Low Security (%) 82 | 100 100 56 Level 1 17 | . . 43 Level 2 . | . . . Level 3 . | . . . Level 4 . | . . . Level 5 . | . . . High Security . | . . . Max Security . | . . . Peak Influence 303 | . 77 303 Initial . | . . . Average 75 | . 17 163 Influence Increases 780 | . 282 498 Destroy 0b10 Robot/C 500 | . 200 300 Destroy 0b10 Robot/NC 50 | . 20 30 Destroy Leader 120 | . 54 66 Disable Machine 45 | . . 45 Destroy Structure 65 | . 8 57 Influence Decreases 718 | . 282 436 Time Decay 608 | . 262 346 Lost Part 110 | . 20 90 Squads Dispatched 4 | . 2 2 Investigation 2 | . 1 1 Extermination . | . . . Reinforcement 2 | . 1 1 Assault . | . . . Garrison . | . . . Intercept . | . . . Searches Triggered . | . . . Construction Impeded . | . . . Haulers Reinforced . | . . . Active Scanning Responses . | . . . Cargo Convoy Interrupts . | . . . Stealth | -11 -10 -9 --------- Run | Yrd Mat Mat Distress Signals 4 | . 1 3 Communications Jammed . | . . . Distress Signals . | . . . Times Spotted 38 | . 15 23 Peak Tracking Total 9 | . 3 9 Tactical Retreats . | . . . Traps | -11 -10 -9 ------- Run | Yrd Mat Mat Traps Triggered 1 | . 1 . Indirectly . | . . . Trap Hack Attempts . | . . . Triggered . | . . . Disarmed . | . . . Reprogrammed . | . . . Reused . | . . . Traps Extracted . | . . . Installed . | . . . Triggered . | . . . Machines | -11 -10 -9 ---------- Run | Yrd Mat Mat Machines Disabled 3 | . . 3 Max in Single Turn 3 | . . 3 Machines Repaired . | . . . Machines Dismantled . | . . . Machines Sabotaged . | . . . Overloaded Fab Kills . | . . . Hacking | -11 -10 -9 --------- Run | Yrd Mat Mat Machines Accessed . | . . . Terminals . | . . . Fabricators . | . . . Repair Stations . | . . . Recycling Units . | . . . Scanalyzers . | . . . Garrison Access . | . . . Total Hacks . | . . . Successful . | . . . Failed . | . . . Catastrophic . | . . . Database Lockouts . | . . . Manual . | . . . Terminals . | . . . Fabricators . | . . . Repair Stations . | . . . Recycling Units . | . . . Scanalyzers . | . . . Garrison Access . | . . . Terminal Hacks . | . . . Fabricator Hacks . | . . . Repair Station Hacks . | . . . Recycling Unit Hacks . | . . . Scanalyzer . | . . . Garrison Access Hacks . | . . . Unauthorized Hacks . | . . . Terminals . | . . . Fabricators . | . . . Repair Stations . | . . . Recycling Units . | . . . Scanalyzers . | . . . Garrison Access . | . . . Data Cores Recovered . | . . . Used . | . . . Hacking Detections . | . . . Full Trace Events . | . . . Feedback Events . | . . . Feedback Blocked . | . . . Robot Schematics Acquired . | . . . Robots Built . | . . . Authchips . | . . . Time . | . . . Total Robot Build Rating . | . . . Part Schematics Acquired . | . . . Parts Built . | . . . Authchips . | . . . Time . | . . . Total Part Build Rating . | . . . Part Studies Acquired . | . . . Parts Repaired . | . . . Time . | . . . Parts Recycled . | . . . Recycled Matter . | . . . Retrieved Matter . | . . . Retrieved Components . | . . . Parts Scanalyzed . | . . . Part Schematics Acquired . | . . . Parts Damaged . | . . . Bothacking | -11 -10 -9 ------------ Run | Yrd Mat Mat Used RIF Installer . | . . . Robots Hacked . | . . . Non-combat . | . . . Combat . | . . . Robot Hacks Applied . | . . . Relay Couplers Released . | . . . Fabnet Peak Effective % . | . . . Robots Rewired . | . . . Allies Hacked . | . . . Hacks Repelled . | . . . Allies | -11 -10 -9 -------- Run | Yrd Mat Mat Total Allies . | . . . Largest Group . | . . . Highest-Rated Group . | . . . Highest-Rated Ally . | . . . Total Orders . | . . . Ally Attacks . | . . . Total Damage . | . . . Kills . | . . . Allies Corrupted . | . . . Allies Melted . | . . . Intel | -11 -10 -9 ------- Run | Yrd Mat Mat Active Infowar (turns) 438 | . . 438 Structural 438 | . . 438 Robot Analysis Total . | . . . Derelict Logs Recovered . | . . . Drone Launches . | . . . Drone Recoveries . | . . . Exploration | -11 -10 -9 ------------- Run | Yrd Mat Mat Turns Passed 2269 | 60 1294 915 Spaces Moved 712 | 42 493 177 Core 76 | 35 1 40 Treads 479 | 7 472 . Legs . | . . . Wheels 157 | . 20 137 Hover . | . . . Flight . | . . . Fastest Speed 50 | 50 135 135 Average Speed 264 | 99 220 426 Slowest Speed 1450 | 160 1450 1450 Overloaded Moves . | . . . Propulsion Burnouts . | . . . Robots Hopped . | . . . Potential Cave-ins . | . . . Cave-ins Triggered . | . . . Exploration Rate (%) 27 | 3 62 18 Regions Visited 2 Branch Regions . Pre-discovered Areas . | . . . Known Exits Taken . | . . . Unknown Exits Taken 2 | 1 1 . Scrap Searched . | . . . Spaces Dug 1 | . . 1 Terrain Destroyed 116 | . 7 109 Melee 1 | . . 1 Projectile . | . . . AOE 115 | . 7 108 Terrain Rammed . | . . . Walls Destroyed . | . . . Machines Disabled . | . . . Actions | -11 -10 -9 --------- Run | Yrd Mat Mat Total 968 | 60 649 259 Wait 96 | 6 72 18 Move 710 | 41 492 177 Hop . | . . . Pick Up 36 | 7 24 5 Fast Attach 4 | 1 3 . Attach 22 | 5 7 10 Detach 2 | . 2 . Swap 10 | . 2 8 Drop 13 | . 13 . Fire 71 | . 32 39 Melee 2 | . . 2 Ram . | . . . Kick . | . . . Crush 2 | . 2 . Escape Stasis . | . . . Rewire . | . . . Trap . | . . . Miscellaneous . | . . . Route ------- -11/Scrapyard -10/Materials -9/Materials History --------- Turn | Location | Event 12 | -11/Scrapyard | Discovered new exit (range 15) 61 | -11/Scrapyard | Entered Materials 307 | -10/Materials | Build established: Mutant 339 | -10/Materials | Discovered new exit (range 16) 1355 | -10/Materials | Entered another Materials area 1355 | -9/Materials | Evolved 2 slots: Utility x2 1518 | -9/Materials | Destroyed 7 combat bots 1568 | -9/Materials | Lost 4 parts (1p3w) 1680 | -9/Materials | Core integrity fell below 50% 1719 | -9/Materials | Lost 5 parts (1p2n1u1w) 2256 | -9/Materials | Core integrity fell below 20% 2270 | -9/Materials | Destroyed by Y-45 Defender with Beam Rifle Last Messages --------------- U-05 Engineer lays Concrete. U-05 Engineer builds a Wall. U-05 Engineer lays Concrete. U-05 Engineer builds a Wall. The unstable cave ceiling collapses. U-05 Engineer builds a Wall. U-05 Engineer lays Concrete. U-05 Engineer builds a Wall. U-05 Engineer lays Concrete. U-05 Engineer builds a Wall. U-05 Engineer lays Concrete. U-05 Engineer builds a Wall. U-05 Engineer lays Concrete. U-05 Engineer builds a Wall. The unstable cave ceiling collapses. U-05 Engineer builds a Wall. U-05 Engineer lays Concrete. U-05 Engineer builds a Wall. Acquired Mining Claw. Critical hit (Burn: +37). Map ----- +----------------------------------------------------+ | | | ???????????????????????????????? | | ???????????????????????????????? | | ???????????????????????????????? | | ???????????????????????????????? | | ???????????????????????????????? | | ???????????????????????????????? | | ???????????????????????????????? | | ???????????????????????????????? | | ???????????????????????????????? | | ???????????????????????????????? | | ???????????????????????????????? | | ???????????????????????????????? | | ###### ???????????????????? | | ########+## ???????????????????? | | ## # ???????????????????? | | ## # ???????????????????? | | ## ! # ???????????????????? | | ##""" # ???????????????????? | | ##""" # ???????????????????? | | ##""" # ???????????????????? | | ##""" # ???????????????????? | | ## # ???????????????????? | | # # ? # ???????????????? | | ####+###Y## ? # ???????????????? | | ??## ##@ ## ? # ???????????????? | | ??## ### ## # ???????????????? | | ??## ### ## # ???????????????? | | ??## # ? ?????????????? | | ??## / """??????????? | | ??#####+##### # """??????????? | | ??## # # ? ??????????? | | ??## """ # # ? ????????????? | | ??## """ # ??? ????????????? | | ??## """ # ?###+###?????????? | | ??## # ?# ########### | | ??## """ # ?# % % | | ??## """ # ?# %% % | | ??## """ # ?# % %!%= | | ??## # ## %########### | | ??###+#######+### ## ####### | | ??### #### # # !! + + | | ???## #### // # # ! ###" | | ???## + / + + !! #?#" | | ???####### | # # ## " | | ???####### # # ## " | | ????????## # % # ## " | | ????????######### ######### " | | ????????######### # ##???##"" | | ??????????????# # #????# | +----------------------------------------------------+ Best States ------------- Heat Dissipation 28 Energy Generation 10 Energy Capacity 250 Matter Stores 300 Matter Capacity 300 Sight Range 16 Terrain Scan Density 85 Armor Coverage 150 Core Shielding 20 Evasion (%) 40 Targeting Accuracy 5 Recoil Reduction 2 Item Schematics ----------------- None Robot Schematics ------------------ None Fabricated ------------ Nothing Repaired ---------- Nothing Studied --------- None Alien Tech Used ----------------- None Achievements -------------- None Challenges ------------ None Game ------ Seed CarbideLightningRailgun Manual? 0 Play Time 00:20:15 Cumulative 7.4 hours Start 2025.12.31 @ 20:31:49 End 2025.12.31 @ 22:11:44 Sessions 1 Manual Loads 0 Difficulty Rogue Special Mode None Game No. 29 Rogue 29 Adventurer 0 Explorer 0 Win Type - Total 0 Types 0/0/0/0/0/0/0/0/0/0 Lore% 7 Gallery% 9 Achievement% 9 Wizard Run 0 Options --------- Layout 1 ASCII 0 Keyboard 0 Movement Mouse Keybinds 0 Fullscreen 1 Font 24/Smallcaps Map View 50x35 Zoom Use 0% Tactical HUD 0 Map Filters NONE Filters NONE Steam 1 RUN: 563d0ea7-f205-4fa9-bdd3-9ad202fdc4f8